 Dungeon Crawl Stone Soup version 0.29.1-2-gbd0b4ee654 (webtiles) character file.

Game seed: 3796515712189097799

17991 raph the Severer (level 12, -10/103 HPs)
             Began as a Hill Orc Fighter on Oct 24, 2022.
             Was a Priest of Beogh.
             Mangled by an ironbound frostheart (13 damage)
             ... in an ice cave.
             The game lasted 00:14:55 (11424 turns).

raph the Severer (Hill Orc Fighter)                Turns: 11424, Time: 00:14:55

Health: -10/103    AC: 23    Str: 20    XL:     12   Next: 53%
Magic:  0/18       EV:  9    Int: 13    God:    Beogh [***...]
Gold:   831        SH:  9    Dex: 27    Spells: 11/11 levels left

rFire   . . .      SeeInvis .   a - +5 broad axe (freeze)
rCold   . . .      Faith    .   w - +1 buckler of the Ant {Int+2 Dex+7}
rNeg    . . .      Spirit   .   l - +0 plate armour
rPois   .          Reflect  .   E - +2 helmet {Int+3}
rElec   .          Harm     .   (no cloak)
rCorr   .          Rampage  .   D - +0 pair of gloves {infuse}
Will    .....                   F - +0 pair of boots
Stlth   ..........              (no amulet)
HPRegen 0.27/turn               C - +4 ring of protection
MPRegen 0.16/turn               y - +6 ring of dexterity

@: mighty
A: no striking features
a: Renounce Religion, Smiting


You were in an ice cave.
You worshipped Beogh.
Beogh was most pleased with you.
You visited 3 branches of the dungeon, and saw 12 of its levels.
You also visited: Ice Cave.

You collected 831 gold pieces.

Inventory:

Hand Weapons
 a - a +5 broad axe of freezing (weapon)
 b - the +10 hand axe of Articulation {flame, rC+ Dex+3}
   (You found it on level 7 of the Dungeon)

   It burns those it strikes, dealing additional fire damage.
   Big, fiery blades are also staple armaments of hydra-hunters.
   Dex:       It affects your dexterity (+3).
   rC:        It protects you from cold.
 x - a +0 war axe
Missiles
 e - 5 poisoned darts (quivered)
 A - 5 javelins
Armour
 c - a +1 buckler
 g - a +0 scale mail
 l - a +0 plate armour (worn)
 n - a +0 pair of gloves
 w - the +1 buckler of the Ant (worn) {Int+2 Dex+7}
   (You acquired it on level 8 of the Dungeon)

   Int:       It affects your intelligence (+2).
   Dex:       It affects your dexterity (+7).
 D - a +0 pair of gloves of infusion (worn)
 E - a +2 helmet of intelligence (worn)
 F - a +0 pair of boots (worn)
Jewellery
 h - a ring of magical power
 y - a +6 ring of dexterity (right hand)
 C - a +4 ring of protection (left hand)
Wands
 d - a wand of digging (7)
 k - a wand of flame (23)
 m - a wand of roots (10)
 q - a wand of light (13)
Scrolls
 t - a scroll of magic mapping
 u - 2 scrolls of amnesia
 z - a scroll of identify
 G - a scroll of blinking
 H - a scroll of teleportation
Potions
 f - 5 potions of curing
 i - 5 potions of flight
 j - 2 potions of lignification
 o - 2 potions of attraction
 p - a potion of heal wounds
 r - a potion of mutation
 s - a potion of invisibility
 v - a potion of degeneration


   Skills:
 + Level 8.8 Fighting
 - Level 18.0 Axes
 + Level 7.9 Armour
 + Level 5.3 Dodging
 + Level 8.0 Shields
 + Level 8.6 Invocations


You had 11 spell levels left.
You didn't know any spells.
Your spell library contained the following spells:

 Spells                   Type           Power      Damage    Failure   Level
 Apportation              Tloc           0%         N/A       100%        1
 Sting                    Tmut/Pois      0%         1d3       100%        1
 Poisonous Vapours        Pois/Air       0%         N/A       100%        2
 Sublimation of Blood     Necr           0%         N/A       100%        2
 Gell's Gravitas          Tloc           0%         N/A       100%        3
 Teleport Other           Tloc           0%         N/A       100%        3
 Airstrike                Air            0%         2d(0-16)  100%        4
 Fulminant Prism          Conj/Hex       0%         3d6       100%        4
 Iskenderun's Mystic Bla  Conj/Tloc      0%         2d3       100%        4
 Olgreb's Toxic Radiance  Pois           0%         N/A       100%        4
 Petrify                  Tmut/Erth      0%         N/A       100%        4
 Summon Lightning Spire   Summ/Air       0%         N/A       100%        4
 Alistair's Intoxication  Tmut/Pois      0%         N/A       100%        5
 Irradiate                Conj/Tmut      0%         3d11      100%        5
 Lee's Rapid Deconstruct  Erth           0%         3d5*      100%        5
 Lightning Bolt           Conj/Air       0%         1d11      100%        5
 Dispersal                Tloc           0%         N/A       100%        6


Dungeon Overview and Level Annotations

Branches:
Dungeon (8/15)             Temple (1/1) D:4            Lair (3/5) D:8
  IceCv (1/1)
  Swamp: Lair:2-3    Shoals: Lair:2-3     Snake: Lair:2-3    Spider: Lair:2-3

Altars:
Ashenzari
Cheibriados
Dithmenos
Fedhas
Hepliaklqana
Kikubaaqudgha
Makhleb
Nemelex Xobeh
Qazlal
Ru
Sif Muna
Trog
Uskayaw
Wu Jian
Xom
Yredelemnul
Zin
The Shining One

Portals:
Abyss: D:3

Annotations:
D:3 2 transporters, p0werm0de's ghost, amateur OpMo
D:8 Amaemon


Message History

You slice the death yak!! You freeze the death yak.
The death yak is moderately wounded.
The death yak closely misses you.
You slash the death yak! You freeze the death yak.
The death yak is heavily wounded.
You block the death yak's attack.
You slice the death yak!! You freeze the death yak.
The death yak is almost dead.
You hit the death yak. You freeze the death yak.
The death yak is almost dead.
You block the death yak's attack.
You barely miss the death yak.
The death yak is almost dead.
The death yak closely misses you.
You slash the death yak! You freeze the death yak.
You kill the death yak!
Beogh accepts your kill.
Your Shields skill increases to level 8!
You slash the wolf! You freeze the wolf.
The wolf is almost dead.
The wolf completely misses you.
You slice the wolf!! You freeze the wolf.
You kill the wolf!
Beogh accepts your kill.
You slice the yak!! You freeze the yak!
The yak is severely wounded.
You block the yak's attack.
You slice the yak!! You freeze the yak.
You kill the yak!
Beogh accepts your kill.
The ironbound frostheart touches you but does no damage.
Items here: [ †††.
You slash the ironbound frostheart! You freeze the ironbound frostheart.
The ironbound frostheart is moderately wounded.
The ironbound frostheart touches you! The ironbound frostheart freezes you!!
* * * LOW HITPOINT WARNING * * *
You slash the ironbound frostheart! You freeze the ironbound frostheart.
The ironbound frostheart is heavily wounded.
The ironbound frostheart touches you!
You die...

## ### #.##
##.## ####.hY#
#.#.##
#.#Y.pY#$[
##.#.##
##@#..pY..#
####.# ##.#pY#
##..# #.##.##
#...##
##.#####
#....##
##.#..##
##.....#
#......#
#...#..##
#.⌠.##.##
##..###..#
#|..##..#
#..##
##.####.####.#


You could see an ironbound frostheart and a yak.

Vanquished Creatures
  An ironbound frostheart (IceCv)
  6 death yaks (IceCv)
  An ice statue (IceCv)
  4 elephants (Lair:2)
  A black mamba (Lair:1)
  2 cane toads
  4 rime drakes
  2 komodo dragons
  Grinder (D:5)
  6 polar bears (IceCv)
  5 blink frogs (Lair:1)
  2 wyverns (D:8)
  15 yaks (IceCv)
  3 basilisks
  Menkaure (D:5)
  Edmund (D:5)
  5 water moccasins
  An orc warrior (D:8)
  A sky beast (D:7)
  An ice beast (D:6)
  A black bear (D:5)
  3 centaurs
  An ogre (D:6)
  14 wolves (IceCv)
  A kobold brigand (D:7)
  2 bullfrogs
  3 necrophages
  2 scorpions (D:4)
  8 wights
  11 killer bees (D:8)
  A howler monkey (D:5)
  2 jellies
  A hound (D:7)
  An orc priest (D:7)
  7 iguanas
  2 orc wizards (D:7)
  9 adders
  12 white imps (Lair:2)
  2 ufetubi
  A worm (D:4)
  11 dart slugs (D:3)
  20 orcs
  6 bats
  6 endoplasms
  5 giant cockroaches
  9 hobgoblins
  8 jackals
  2 quokkas
  4 ball pythons (D:3)
  5 frilled lizards
  2 goblins
  8 kobolds
  7 rats
  A spectral kobold (D:1)
241 creatures vanquished.

Vanquished Creatures (others)
  8 fungi
  9 plants
17 creatures vanquished.

Grand Total: 258 creatures vanquished

Notes
Turn   | Place    | Note
-------+----------+-------------------------------------------
     0 | D:1      | raph the Hill Orc Fighter began the quest for the Orb.
     0 | D:1      | Reached XP level 1. HP: 19/19 MP: 1/1
   117 | D:1      | Reached skill level 3 in Axes
   294 | D:1      | Reached XP level 2. HP: 20/26 MP: 2/2
   409 | D:1      | Reached skill level 4 in Axes
   444 | D:1      | Found a faded altar of an unknown god.
  1222 | D:2      | Reached XP level 3. HP: 30/30 MP: 3/3
  1357 | D:2      | Found a shimmering altar of Xom.
  1686 | D:2      | Reached skill level 5 in Axes
  2133 | D:3      | Identified a scroll of acquirement
  2133 | D:3      | Acquired a +1 broad axe of freezing
  2170 | D:3      | Reached XP level 4. HP: 39/39 MP: 4/4
  2186 | D:3      | Found a transporter.
  2191 | D:3      | Noticed a small abomination
  2211 | D:3      | Noticed p0werm0de's ghost (amateur OpMo)
  2212 | D:3      | Found a one-way gate to the infinite horrors of the Abyss.
  2212 | D:3      | Noticed a small abomination
  2558 | D:3      | Reached skill level 6 in Axes
  2841 | D:3      | Found a transporter.
  3133 | D:4      | Noticed a scorpion
  3133 | D:4      | Noticed a scorpion
  3147 | D:4      | Killed a scorpion
  3148 | D:4      | Reached skill level 7 in Axes
  3148 | D:4      | Reached XP level 5. HP: 30/45 MP: 5/5
  3154 | D:4      | Reached skill level 8 in Axes
  3154 | D:4      | Reached XP level 6. HP: 35/51 MP: 6/6
  3542 | D:4      | Reached skill level 9 in Axes
  3774 | D:4      | Found a burning altar of Makhleb.
  3870 | D:4      | Found a staircase to the Ecumenical Temple.
  3892 | Temple   | Entered the Ecumenical Temple
  4247 | D:5      | Entered Level 5 of the Dungeon
  4257 | D:5      | Reached XP level 7. HP: 47/57 MP: 7/7
  4355 | D:5      | Reached skill level 10 in Axes
  4363 | D:5      | Noticed Grinder
  4363 | D:5      | Paralysed by Grinder for 5 turns
  4375 | D:5      | Killed Grinder
  4376 | D:5      | Reached skill level 11 in Axes
  4443 | D:5      | Noticed Edmund
  4450 | D:5      | Killed Edmund
  4451 | D:5      | Reached XP level 8. HP: 55/64 MP: 8/8
  4475 | D:5      | Reached skill level 12 in Axes
  4662 | D:5      | Noticed Menkaure
  4673 | D:5      | Killed Menkaure
  5102 | D:6      | Reached skill level 13 in Axes
  5407 | D:6      | Found an ornate altar of the Wu Jian Council.
  5421 | D:6      | Became a worshipper of Beogh the Brigand
  5489 | D:6      | Reached skill level 14 in Axes
  5783 | D:6      | Reached skill level 1 in Invocations
  5783 | D:6      | Reached XP level 9. HP: 71/71 MP: 9/9
  6136 | D:7      | Reached skill level 1 in Dodging
  6349 | D:7      | Identified the +10 hand axe of Articulation {flame, rC+
                  | Dex+3}
  6408 | D:7      | Reached * piety under Beogh
  6779 | D:8      | Noticed an orange demon
  6779 | D:8      | Noticed Amaemon
  6783 | D:8      | Found a snail-covered altar of Cheibriados.
  6825 | D:7      | Reached skill level 5 in Fighting
  6825 | D:7      | Reached skill level 15 in Axes
  7261 | D:8      | Reached XP level 10. HP: 63/81 MP: 11/13
  7357 | D:8      | Reached skill level 5 in Armour
  7429 | D:8      | Acquired the +1 buckler of the Ant {Int+2 Dex+7}
  7488 | D:8      | Found a staircase to the Lair.
  7496 | D:8      | Reached skill level 5 in Shields
  7601 | Lair:1   | Entered Level 1 of the Lair of Beasts
  7601 | Lair:1   | Noticed a black mamba
  7609 | Lair:1   | Killed a black mamba
  7609 | Lair:1   | Reached ** piety under Beogh
  7809 | Lair:1   | Reached skill level 5 in Invocations
  7997 | Lair:1   | Reached skill level 16 in Axes
  8412 | Lair:1   | Noticed a cane toad
  8415 | Lair:1   | Killed a cane toad
  8995 | Lair:2   | Reached XP level 11. HP: 69/91 MP: 5/15
  9321 | Lair:2   | Found a frozen archway.
  9345 | Lair:2   | You fall into a shaft and drop 1 floor!
  9743 | IceCv    | Entered an ice cave
 10022 | IceCv    | Reached *** piety under Beogh
 10037 | IceCv    | Reached skill level 17 in Axes
 10157 | IceCv    | Noticed a death yak
 10178 | IceCv    | Killed a death yak
 10620 | IceCv    | Reached XP level 12. HP: 92/101 MP: 3/17
 11135 | IceCv    | Noticed a death yak
 11135 | IceCv    | Noticed a death yak
 11149 | IceCv    | Killed a death yak
 11150 | IceCv    | Reached skill level 5 in Dodging
 11159 | IceCv    | Killed a death yak
 11387 | IceCv    | Noticed a death yak
 11387 | IceCv    | Noticed an ironbound frostheart
 11387 | IceCv    | Noticed a death yak
 11387 | IceCv    | Noticed a death yak
 11387 | IceCv    | Noticed an ironbound frostheart
 11399 | IceCv    | Killed a death yak
 11407 | IceCv    | Killed a death yak
 11411 | IceCv    | Killed an ironbound frostheart
 11412 | IceCv    | Reached skill level 18 in Axes
 11417 | IceCv    | Killed a death yak
 11423 | IceCv    | HP: 3/103 [ironbound frostheart (30)]
 11424 | IceCv    | Mangled by an ironbound frostheart

Illustrated notes

Levels and vault maps discovered:
D:1:      nzn_arrival_crosshair, layout_basic,
          dreamdust_ecumenical_altar_drowned_temple
D:2:      layout_rooms, basic_altar, serial_bayou_pond_d
D:3:      kennysheep_slugbush, layout_loops_ring, gammafunk_ghost_abyssal_escape
D:4:      minmay_opposing_rooms, layout_basic, kennysheep_mini_moat,
          temple_green
D:5:      layout_basic, minmay_misc_feat_more_columns, uniq_grinder,
          uniq_edmund, uniq_menkaure
D:6:      layout_loops_ring, nzn_wu_jian_contemplation, minmay_puff
D:7:      layout_rooms
D:8:      layout_rooms, slow_altar_1, david_lair_generic,
          gammafunk_ghost_hydra_chop, uniq_amaemon
Temple:   bh_familiar_temple
Lair:1:   layout_gridlike, minivault_27, grunt_forest_small_clearings
Lair:2:   layout_long_grid, portal_ice_cave_entry_imps
Lair:3:   layout_layer_cave, palyth_hydra_swamp_entry,
          nicolae_spider_entry_tight_spaces, infiniplex_staircase_pool_2
IceCv:    ice_cave_caverns_01

Skill      XL: |  1  2  3  4  5  6  7  8  9 10 11 12 |
---------------+-------------------------------------+-----
Axes           | 3 4 5 7 8 9 11 14 15 16 17 18 | 18.0
Invocations    | 1 4 6 7 8 |  8.6
Fighting       | 5 6 8 |  8.8
Dodging        | 2 3 4 5 |  5.3
Shields        | 4 6 7 8 |  8.0
Armour         | 4 6 7 |  7.9

Action                   |  1- 3 |  4- 6 |  7- 9 | 10-12 || total
-------------------------+-------+-------+-------+-------++-------
Melee: War axe           |   104 |       |       |       ||   104
       Broad axe         |     5 |    78 |   179 |   226 ||   488
       Hand axe          |       |       |       |   121 ||   121
Throw: Dart              |       |       |     2 |       ||     2
Invok: Convert to Beogh  |       |       |     1 |       ||     1
  Use: Scroll            |     8 |     9 |     5 |     6 ||    28
       Potion            |       |     1 |     4 |     2 ||     7
Armor: Scale mail        |    13 |       |       |       ||    13
       Plate armour      |    40 |    61 |   122 |   150 ||   373
Dodge: Dodged            |    38 |    21 |    52 |    94 ||   205
Block: Buckler           |    27 |    15 |    55 |    99 ||   196
